 Dungeon Crawl Stone Soup version 0.28-a0-1629-gf728b707aa (webtiles) character file.

Game seed: 16114706331119211533

99 hashsling the Ducker (level 4, -1/26 HPs)
             Began as a Deep Elf Gladiator on Jan 24, 2022.
             Slain by a gnoll (13 damage)
             ... on level 3 of the Dungeon.
             The game lasted 00:06:50 (3185 turns).

hashsling the Ducker (Deep Elf Gladiator)           Turns: 3185, Time: 00:06:50

Health: -1/26      AC:  4    Str: 11    XL:     4   Next: 45%
Magic:  6/6        EV: 13    Int: 15    God:
Gold:   88         SH:  0    Dex: 16    Spells: 3/3 levels left

rFire   . . .      SeeInvis .   a - +0 quarterstaff
rCold   . . .      Faith    .   (shield currently unavailable)
rNeg    . . .      Spirit   .   b - +0 leather armour
rPois   .          Reflect  .   c - +0 helmet
rElec   .          Harm     .   (no cloak)
rCorr   .          Rampage  .   (no gloves)
Will    .....                   (no boots)
Stlth   +.........              (no amulet)
HPRegen 0.08/turn               (no ring)
MPRegen 0.10/turn               (no ring)

@: mighty
A: no striking features
a: no special abilities


You were on level 3 of the Dungeon.
You visited 1 branch of the dungeon, and saw 3 of its levels.

You collected 88 gold pieces.

Inventory:

Hand Weapons
 a - a +0 quarterstaff (weapon)
Missiles
 d - 2 throwing nets (quivered)
 k - 16 arrows
Armour
 b - a +0 leather armour (worn)
 c - a +0 helmet (worn)
Scrolls
 e - a scroll of magic mapping {unknown}
 i - a scroll of immolation {unknown}
Potions
 f - a potion of attraction
 h - a potion of lignification {unknown}
 j - a potion of heal wounds {unknown}
 l - a potion of degeneration {unknown}


   Skills:
 + Level 2.2 Fighting
 * Level 4.0 Staves
 - Level 2.0 Throwing
 * Level 4.9 Dodging


You had 3 spell levels left.
You didn't know any spells.
Your spell library contained the following spells:

 Spells                   Type           Power      Damage    Failure   Level
 Summon Forest            Summ/Tloc      0%         N/A       100%        5
 Summon Mana Viper        Hex/Summ       0%         N/A       100%        5
 Summon Cactus Giant      Summ           0%         N/A       100%        6


Dungeon Overview and Level Annotations

Branches:
Dungeon (3/15)

Altars:


Message History

You are too injured to fight recklessly!
You hit the endoplasm.
You kill the endoplasm!
There is an open door here.
There is a fountain of clear blue water here.
A bat comes into view.
The bat closely misses you. The bat misses you.
The bat hits you but does no damage. x2
There is a stone staircase leading up here.
You hit the bat.
You kill the bat!
No target in view!
A gnoll comes into view. It is wielding a +0 flail.
A gnoll comes into view. It is wielding a +0 flail.
The gnoll shouts!
You hear a shout!
A gnoll comes into view. It is wielding a +0 flail.
A gnoll comes into view. It is wielding a +0 halberd.
A gnoll comes into view. It is wielding a +0 falchion.
Found a whip.
The gnoll shouts!
A gnoll comes into view. It is wielding a +0 whip.
The gnoll moves out of view.
You feel very mighty all of a sudden. The gnoll hits you with a +0 flail!
You sock the gnoll!
The gnoll is almost dead.
The gnoll misses you.
You sock the gnoll!
You kill the gnoll!
The gnoll barely misses you.
A gnoll comes into view. It is wielding a +0 spear.
The gnoll hits you with a +0 halberd.
You hit the gnoll.
The gnoll is moderately wounded.
The gnoll barely misses you.
You closely miss the gnoll.
The gnoll is moderately wounded.
The gnoll hits you with a +0 halberd!
Ouch! That really hurt!
You die...

#....g..... .. #.
##.............##.
#....#..........#. ##
#....#...# ....... ...
#....'...##....... ....
#....#............ .....
#........#####..
......###)..............
.....gg@..###...........
##....#####⌠##..........
#..) ##.............>
.8.. ##..⌠#.....#####.
..g ##...##...........
.. #†..##............ .
#.<.#.............
#⌠..##............
##...##...........


You could see 3 gnolls.

Vanquished Creatures
  A gnoll (D:3)
  2 adders (D:2)
  A worm (D:2)
  2 dart slugs (D:2)
  13 bats
  6 endoplasms
  2 giant cockroaches
  3 goblins (D:2)
  2 hobgoblins
  9 jackals
  A quokka (D:1)
  3 ball pythons
  4 frilled lizards
  8 kobolds
  2 rats (D:1)
59 creatures vanquished.

Notes
Turn   | Place    | Note
-------+----------+-------------------------------------------
     0 | D:1      | hashsling the Deep Elf Gladiator began the quest for the
                  | Orb.
     0 | D:1      | Reached XP level 1. HP: 12/12 MP: 3/3
   199 | D:1      | Reached XP level 2. HP: 14/17 MP: 4/4
  1147 | D:1      | Reached XP level 3. HP: 21/21 MP: 5/5
  1201 | D:1      | Found a faded altar of an unknown god.
  2037 | D:2      | Reached XP level 4. HP: 26/26 MP: 6/6
  3185 | D:3      | Slain by a gnoll

Illustrated notes

Levels and vault maps discovered:
D:1:      onia_arrival_mini_spirals, layout_basic,
          shapermc_ecumenical_altar_hornbeckon
D:2:      layout_loops_ring, moated_statue
D:3:      layout_basic, minitemple, grunt_ministairs_8, minmay_misc_feat_columns

Skill      XL: |  1  2  3  4 |
---------------+-------------+-----
Dodging        | 4 |  4.9
Fighting       | 2 |  2.2
Staves         | 4 |  4.0
Throwing       | |  2.0

Action                   |  1- 3 |  4- 6 || total
-------------------------+-------+-------++-------
Melee: Quarterstaff      |   139 |    44 ||   183
Throw: Throwing net      |     1 |     2 ||     3
  Use: Scroll            |       |     2 ||     2
       Potion            |       |     1 ||     1
 Stab: Sleeping          |       |     1 ||     1
Armor: Leather armour    |    77 |    13 ||    90
Dodge: Dodged            |   114 |    23 ||   137

Table legend: (Time is in decaauts)
 A = Elapsed time spent in this place.
 B = Non-inter-level travel time spent in this place.
 C = Inter-level travel time spent in this place.
 D = Time resting spent in this place.
 E = Time spent auto-exploring this place.
 F = Levels seen in this place.
 G = Mean time per level.
                   A        B        C        D        E       F      G
               +--------+--------+--------+--------+--------+-----+--------+
         Total |   3212 |   3182 |     30 |      0 |   2713 |   3 | 1070.7 |
       Dungeon |   3212 |   3182 |     30 |      0 |   2713 |   3 | 1070.7 |
               +--------+--------+--------+--------+--------+-----+--------+

Top non-repeatable levels by time:
     D:2: 1372 daAuts
     D:1: 1286 daAuts
     D:3: 554 daAuts
